Unix NetHack Version 5.0.0-0 post-release - last build May 17 2026 04:57:42 (dc50c8380fa5e20985bfe3072449f57b8d9895ef,branch:main).

Game began 2026-05-21 01:14:53, ended 2026-05-21 03:13:56.

Brudee, lawful female human Knight

                              -------------               ------------
                              |...........|               |..........|
                              |...........|               |..........|
                              |...........|               |..........|
        -----------           |............#              |.....aah..|
        |.........+           |...........|#            ##......a@...|
        |...^..<..|           -----|-#-----#            # ---.--------
        |.....`...|              ###       ##           #
        ---------|-#        ######          #          ##
                 #[######)#)##0###0         #       ####
                      #--.--------+----     ##      #
                       ...............|      #      #
                       |..........*...|     #########
                       |..............|      #--.--##
                       ----------------       |...|##
                                              |...|###
                                              .....# ##))#
                                              |...|
                                              -----

Brudee the Bachelor      St:14 Dx:10 Co:14 In:8 Wi:18 Ch:17  Lawful S:11908
Dlvl:6  $:230 HP:0(72) Pw:55(55) AC:-4 Xp:9/2767 T:6855  Satiated Burdened

Latest messages:
 You kill the hill orc!
 You have trouble lifting M - a potion of confusion.
 Autopickup: ON, for $!=+?/" objects.
 You hear someone counting gold coins.
 You hit the soldier ant!
 The soldier ant bites!
 The soldier ant just misses!
 The soldier ant just misses!
 The soldier ant misses!
 The soldier ant bites!
 The soldier ant misses!
 The soldier ant bites!
 The soldier ant stings!
 The soldier ant bites!
 The soldier ant misses!
 The soldier ant misses!
 The soldier ant stings!
 You fall down the stairs.
 What do you want to drop? [$ae-ilprt-vxzA-CE-GIJLMQS-WZ or ?*] i
 You drop an uncursed bag called SACK containing 20 items.
 Your movements are only slowed slightly by your load.
 What do you want to drop? [$ae-hlprt-vxzA-CE-GIJLMQS-WZ or ?*] A
 You drop a silver saber.
 What do you want to drop? [$ae-hlprt-vxzBCE-GIJLMQS-WZ or ?*] U
 You drop a rotted +0 oilskin cloak.
 What do you want to drop? [$ae-hlprt-vxzBCE-GIJLMQSTVWZ or ?*] p
 You drop 5 food rations.
 You kill the gas spore!
 Boom!
 You are caught in the gas spore's explosion!
 You climb up the stairs.
 The soldier ant bites!
 The soldier ant stings!
 The soldier ant misses!
 The soldier ant misses!
 The soldier ant bites!
 The soldier ant misses!
 You hit the soldier ant!
 The soldier ant misses!
 The soldier ant misses!
 The soldier ant bites!
 The soldier ant stings!
 The soldier ant misses!
 The soldier ant stings!
 The soldier ant bites!
 The soldier ant stings!
 The soldier ant bites!
 You die...
 Do you want your possessions identified? [ynq] (y) y
 Do you want to see your attributes? [ynq] (y) q

Inventory:
 Coins    ('$')
  $ - 230 gold pieces
 Amulets  ('"')
  g - a blessed amulet of guarding (being worn)
 Weapons  (')')
  a - the blessed rustproof +2 Excalibur (weapon in right hand)
 Armor    ('[')
  T - an uncursed fireproof +0 pair of gauntlets of dexterity (being worn)
  t - an uncursed +0 shield of shock resistance (being worn)
  J - an uncursed fireproof +0 robe (being worn)
  f - an uncursed +1 crystal plate mail (being worn)
 Comestibles  ('%')
  W - 2 uncursed dwarven roots
  L - an uncursed partly eaten food ration
 Potions  ('!')
  M - an uncursed potion of confusion
 Rings    ('=')
  B - an uncursed ring of cold resistance
  S - an uncursed ring of cold resistance (on right hand)
  F - a cursed ring of conflict
  Z - an uncursed ring of fire resistance
  l - a cursed ring of hunger
  x - an uncursed ring of shock resistance
 Wands    ('/')
  e - a wand of cold (0:4)
  V - a wand of magic missile (0:2)
  z - a wand of opening (0:5)
  Q - a wand of polymorph (0:5)
  C - a cursed wand of teleportation (0:1)
 Tools    ('(')
  h - a fire horn (0:5)
  I - a +0 pick-axe
 Gems/Stones  ('*')
  r - 4 uncursed diamonds
  G - an uncursed opal
  E - 3 uncursed worthless pieces of white glass
  v - an uncursed luckstone
  u - an uncursed touchstone

Brudee the Knight's attributes:

Background:
 You were a Bachelor, a level 9 female human Knight.
 You were lawful, on a mission for Lugh
 who was opposed by Brigit (neutral) and Manannan Mac Lir (chaotic).
 You were right-handed.
 You were in the Dungeons of Doom, on level 6.
 You entered the dungeon 6855 turns ago.
 It was nighttime.
 You had 2767 experience points, 2353 more were needed to attain level 10.
 Your score was 11908 before end-of-game adjustments.

Basics:
 You had 0 out of 72 hit points.
 You had all 55 energy points (spell power).
 Your armor class was -4.
 Your wallet contained 230 zorkmids.
 Autopickup was on for '$!=+?/"' plus thrown.

Final Characteristics:
 Your strength was 14 (limit:18/100).
 Your dexterity was 10 (limit:18).
 Your constitution was 14 (limit:18).
 Your intelligence was 8 (limit:18).
 Your wisdom was 18 (limit:18).
 Your charisma was 17 (limit:18).

Final Status:
 You were satiated.
 You were burdened; movement was slightly slowed.
 You were wielding a long sword.
 You had expert skill with long sword.

Final Attributes:
 You were piously aligned.
 You were cold resistant.
 Your items were protected from cold.
 You were shock resistant.
 Your items were protected from electric shocks.
 You were level-drain resistant.
 You were telepathic.
 You had automatic searching.
 You could jump.
 You had a small defense bonus (+2).
 You were protected.
 You were fast.
 You were lucky.
 You had extra luck.
 Bad luck did not time out for you.
 Good luck did not time out for you.
 You are dead.

Miscellaneous:
 You didn't encounter any bones levels.
 Total elapsed playing time was 1 hour, 48 minutes and 17 seconds.

Major events:
 Turn
    1: Brudee the lawful female human Knight entered the dungeon
 1350: attained the rank of Esquire (level 3)
 2276: entered the Gnomish Mines
 3064: just blew up her bag of holding
 3198: reached Mine Town
 3253: attained the rank of Bachelor (level 6)
 3324: was given Excalibur by the Lady of the Lake
 4288: acquired the Mines' End luckstone
 6433: stole 1993 zorkmids worth of merchandise from Matagami's general store
 6855: killed by a soldier ant

You didn't know any spells.

Skills:
 Fighting Skills
   bare handed combat [Unskilled]
   two weapon combat  [Unskilled]
   riding             [Basic]
 Weapon Skills
   dagger             [Unskilled]
   knife              [Unskilled]
   axe                [Unskilled]
   pick-axe           [Unskilled]
   short sword        [Unskilled]
   broadsword         [Unskilled]
   long sword         [Expert]
   two-handed sword   [Unskilled]
   saber              [Unskilled]
   club               [Unskilled]
   mace               [Unskilled]
   morning star       [Unskilled]
   flail              [Unskilled]
   hammer             [Unskilled]
   polearms           [Unskilled]
   spear              [Unskilled]
   trident            [Unskilled]
   lance              [Basic]
   bow                [Unskilled]
   crossbow           [Unskilled]
 Spellcasting Skills
   attack spells      [Unskilled]
   healing spells     [Unskilled]
   clerical spells    [Unskilled]

Voluntary challenges:
 Character rerolling was not enabled.
 You never genocided any monsters.
 You never polymorphed an object.
 You never changed form.
 You used no wishes.
Achievements:
 You entered a shop.
 You attained the rank of Esquire.
 You entered the Gnomish Mines.
 You entered Minetown.
 You attained the rank of Bachelor.
 You completed the Gnomish Mines.

 The Dungeons of Doom: levels 1 to 7
    Level 1:
       A fountain.
    Level 2:
       A general store, some fountains.
    Level 3:
       A general store, a fountain, a grave.
       Stairs down to The Gnomish Mines.
    Level 4:
       A fountain, a sink.
    Level 5:
       A fountain.
    Level 6: <- You were here.
       Final resting place for
          you, killed by a soldier ant.
    Level 7:
 The Gnomish Mines: levels 4 to 12
    Level 4:
    Level 5:
    Level 6:
    Level 7:
       An altar, a fountain.
    Level 8:
    Level 9:
    Level 10:
    Level 11:
    Level 12:


Vanquished creatures:
  a giant mimic
  5 small mimics
  a warhorse
  a xan
  a quantum mechanic
  a wood golem
  a leather golem
  a winter wolf cub
  2 orc-captains
  a gnome ruler
  2 brown puddings
  a Green-elf
  a lizard
  a jaguar
  a blue jelly
  a dust vortex
  3 apes
  a rope golem
  a bugbear
 an imp
  2 Mordor orcs
  3 Uruk-hai
  7 orc shamans
  2 rock piercers
  a rock mole
  a pony
  a yellow light
  a shrieker
 16 gnome leaders
  6 gnomish wizards
  a Kop Lieutenant
  2 gray oozes
  a barrow wight
  2 giant ants
  2 floating eyes
  a kitten
  4 dwarves
  a homunculus
 16 hill orcs
  2 Kop Sergeants
  7 iguanas
  2 killer bees
  a coyote
  3 gas spores
  a hobbit
  a hobgoblin
 an orc
  9 giant rats
  a brown mold
  2 yellow molds
  2 red molds
 57 gnomes
  2 Keystone Kops
  a gnome zombie
  4 geckos
  5 jackals
  3 foxes
  4 goblins
  a sewer rat
  2 grid bugs
  2 bats
  2 lichens
  7 newts
220 creatures vanquished.

No species were genocided or became extinct.

Game over:
                       ----------
                      /          \
                     /    REST    \
                    /      IN      \
                   /     PEACE      \
                  /                  \
                  |      Brudee      |
                  |      230 Au      |
                  |   killed by a    |
                  |   soldier ant    |
                  |                  |
                  |                  |
                  |       2026       |
                 *|     *  *  *      | *
        _________)/\\_//(\/(/\)/\//\/|_)_______

Fare thee well Brudee the Knight...

You died in The Dungeons of Doom on dungeon level 6 with 11885 points,
and 230 pieces of gold, after 6855 moves.
You were level 9 with a maximum of 72 hit points when you died.

